[Event "*** Titled Tuesday Blitz"]
[Site "Chess.com"]
[Date "2020.05.05"]
[Round "3"]
[White "Ranindu2003"]
[Black "sm_sharon"]
[Result "1-0"]
[WhiteElo "2499"]
[BlackElo "2211"]
[TimeControl "180+1"]
[EndTime "10:28:51 PDT"]
[Termination "Ranindu2003 won on time"]

1. e4 e6 2. d4 d5 3. Nd2 dxe4 4. Nxe4 Nd7 5. Nf3 Ngf6 6. Bd3 Be7 7. O-O b6 8. Qe2 Bb7 9. Rd1 O-O 10. c4 Nxe4 11.
Bxe4 Bxe4 12. Qxe4 Nf6 13. Qe2 c6 14. Bf4 Bd6 15. Ne5 Bxe5 16. dxe5 Nd7 17. Rd6 Qc7 18. Rad1 Nc5 19. b4 Nb7 20. Rd7 Qc8 21. Qe4 a5 22. a3 axb4 23. axb4 Ra4 24. Bg5 Rxb4 25. Qh4 Nc5 26. R7d2 b5 27. Be7 Rxc4 28. Bxf8 Rxh4 29.
Bxc5 1-0

[Event "*** Titled Tuesday Blitz"]
[Site "Chess.com"]
[Date "2020.05.05"]
[Round "3"]
[White "NikolaGry"]
[Black "neurisdr"]
[Result "1/2-1/2"]
[WhiteElo "2611"]
[BlackElo "2793"]
[TimeControl "180+1"]
[EndTime "10:28:52 PDT"]
[Termination "Game drawn by agreement"]

1. b3 Nf6 2. Bb2 g6 3. Bxf6 exf6 4. c4 a5 5. a3 f5 6. Nc3 Bg7 7. g3 O-O 8. Bg2 d6 9. e3 Nd7 10. Nf3 Nc5 11. d4 Ne4 12. Qc2 Nxc3 13. Qxc3 c6 14. O-O Be6 15. Qc2 h5 16. h4 Bf6 17. b4 Kg7 18. Rfb1 Qc7 19. Bf1 Rfc8 20. Bg2 Bd7 21. Qd3 axb4 22. axb4 Qd8 23. Rxa8 Rxa8 24. b5 cxb5 25.
cxb5 Ra2 26. Nd2 Qa5 27. Nc4 Bxb5 28. Qb3 Bxc4 29. Qxc4 Qd2 30. Qf1 Rb2 31. Bxb7 f4 32.
gxf4 Bxh4 33. Rxb2 Qxb2 34. Bd5 f5 35. Bf3 Kh6 36. Qe2 1/2-1/2

[Event "*** Titled Tuesday Blitz"]
[Site "Chess.com"]
[Date "2020.05.05"]
[Round "3"]
[White "Happy1712Drummer"]
[Black "NodariousBIG"]
[Result "1-0"]
[WhiteElo "2554"]
[BlackElo "2715"]
[TimeControl "180+1"]
[EndTime "10:28:52 PDT"]
[Termination "Happy1712Drummer won by resignation"]

1. Nf3 d5 2. c4 d4 3. d3 Nc6 4. g3 e5 5. Bg2 f6 6. O-O Be6 7. a3 a5 8. e3 Bc5 9. exd4 Nxd4 10. Nxd4 Bxd4 11. Bxb7 Rb8 12. Bg2 h5 13. Nc3 h4 14.
Nb5 hxg3 15. hxg3 Rxb5 16. cxb5 Bd5 17. Qg4 Kf7 18. Bxd5+ Qxd5 19. Qe4 Qd7 20. Be3 Qh3 21.
Qd5+ Kg6 22. Qg2 Qh5 23. Bxd4 exd4 24. Rac1 Ne7 25. Rxc7 Nd5 26. Rc5 Rd8 27. b6 Qe5 28. b7 1-0

[Event "*** Titled Tuesday Blitz"]
[Site "Chess.com"]
[Date "2020.05.05"]
[Round "3"]
[White "Gvetadze"]
[Black "Andrei_Belozerov"]
[Result "0-1"]
[WhiteElo "2375"]
[BlackElo "2591"]
[TimeControl "180+1"]
[EndTime "10:28:52 PDT"]
[Termination "Andrei_Belozerov won by checkmate"]

1. Nf3 d5 2. g3 Bg4 3. Bg2 Nd7 4. O-O Ngf6 5. d3 c6 6. Nbd2 e5 7. c4 d4 8. a3 a5 9. Rb1 a4 10. b4 axb3 11. Rxb3 Qc7 12. h3 Bh5 13. g4 Bg6 14.
Nh4 Be7 15. Nxg6 hxg6 16. Qc2 O-O 17. Nf3 Nc5 18. Rb1 Nfd7 19. Ng5 Bxg5 20. Bxg5 Rxa3 21. f4 f6 22. Bh4 exf4 23. Qb2 Rc3 24. Bf2 Qe5 25.
Rbc1 Re8 26. Bf3 Rb3 27. Qxd4 Qxd4 28. Bxd4 Ne6 29. Bf2 Ne5 30. Rb1 Nxf3+ 31. exf3 Rxd3 32. Rxb7 Rxf3 33. Re1 Rxh3 34. Rb6 Rc3 35. Rxc6 Kf7 36. c5 g5 37. Rd1 f3 38. Rd7+ Kg6 39.
Kh2 Nf4 40. Kg3 Rh8 41. Bd4 Rh3+ 42. Kf2 Rc2+ 43. Kg1 Ne2+ 44. Kf1 Nxd4 45. Rxd4 Rh1# 0-1

[Event "*** Titled Tuesday Blitz"]
[Site "Chess.com"]
[Date "2020.05.05"]
[Round "3"]
[White "Pechen_Yeltsina"]
[Black "Artem_Koval"]
[Result "1-0"]
[WhiteElo "2721"]
[BlackElo "2430"]
[TimeControl "180+1"]
[EndTime "10:28:53 PDT"]
[Termination "Pechen_Yeltsina won by resignation"]

1. e4 c5 2. Nf3 d6 3. g3 Nf6 4.
d3 Nc6 5. Bg2 e5 6. O-O Be7 7.
c3 O-O 8. a3 a5 9. a4 h6 10. Na3 Bg4 11. h3 Be6 12. Nd2 Nd7 13. Ndc4 f5 14. exf5 Rxf5 15. Nb5 Nb6 16. Qe2 d5 17.
Ne3 Rf7 18. f4 exf4 19. gxf4 Qd7 20. f5 Bxf5 21. Nxf5 Rxf5 22. Rxf5 Qxf5 23. Be3 Qe5 24. Qd2 Re8 25. Bf4 Bg5 26. Bxe5 Bxd2 27. Bc7 Na8 28. Bxd5+ Kh8 29. Bd6 Be3+ 30. Kg2 Rd8 31. Re1 Nb6 32. Bxc6 bxc6 33. Bc7 Re8 34. Bxb6 cxb5 35. Bxc5 1-0

[Event "*** Titled Tuesday Blitz"]
[Site "Chess.com"]
[Date "2020.05.05"]
[Round "3"]
[White "Glidzhian_Gor"]
[Black "salomez"]
[Result "1-0"]
[WhiteElo "2491"]
[BlackElo "2229"]
[TimeControl "180+1"]
[EndTime "10:28:53 PDT"]
[Termination "Glidzhian_Gor won by checkmate"]

1. e4 c5 2. d4 cxd4 3. c3 Nf6 4. e5 Nd5 5. cxd4 e6 6. Nc3 Nxc3 7. bxc3 Qc7 8. Bd2 d6 9. Nf3 Nd7 10. exd6 Bxd6 11. Bd3 Nf6 12. Qe2 b6 13. Ne5 O-O 14. O-O Bb7 15. Rac1 Bxe5 16. dxe5 Nd7 17. Bf4 Qc6 18.
Qg4 f5 19. exf6 Nxf6 20. Qh3 Rae8 21. Be5 g6 22. f3 Nd7 23. Be4 Qc8 24. Bd6 Bxe4 25.
fxe4 Rxf1+ 26. Rxf1 Nc5 27. Qf3 Qb7 28. Be5 Nxe4 29. Re1 Nc5 30. Qf6 Qd5 31. Qg7# 1-0

[Event "*** Titled Tuesday Blitz"]
[Site "Chess.com"]
[Date "2020.05.05"]
[Round "3"]
[White "platy3"]
[Black "Kildepiotr"]
[Result "1-0"]
[WhiteElo "2711"]
[BlackElo "2481"]
[TimeControl "180+1"]
[EndTime "10:28:56 PDT"]
[Termination "platy3 won by resignation"]

1. e4 g6 2. d4 Bg7 3. c4 d6 4. Nc3 Nd7 5. h3 e5 6. d5 Bh6 7. b4 a5 8. Bxh6 Nxh6 9. a3 O-O 10. Nf3 f5 11. Bd3 Nf6 12. Nd2 axb4 13. axb4 Rxa1 14. Qxa1 Nh5 15. g3 fxe4 16. Ncxe4 Nf5 17. c5 Nd4 18. Qa5 Nf6 19. cxd6 Nxe4 20. Nxe4 b6 21. Qa2 cxd6 22. Kf1 Bf5 23. Kg2 Qd7 24. Qd2 Kg7 25.
g4 Bxe4+ 26. Bxe4 Rf4 27. f3 h5 28. gxh5 gxh5 29. Kh2 Nxf3+ 30. Bxf3 Rxf3 31. Qg2+ 1-0

[Event "*** Titled Tuesday Blitz"]
[Site "Chess.com"]
[Date "2020.05.05"]
[Round "3"]
[White "White_Ghost"]
[Black "Msb2"]
[Result "0-1"]
[WhiteElo "2462"]
[BlackElo "2914"]
[TimeControl "180+1"]
[EndTime "10:28:56 PDT"]
[Termination "Msb2 won by resignation"]

1. d4 Nf6 2. c4 e6 3. Nf3 d5 4. g3 Bb4+ 5. Bd2 a5 6. Bg2 dxc4 7.
O-O O-O 8. a3 Be7 9. Qa4 b6 10.
Ne5 Ra7 11. e3 Ba6 12. Rd1 Nfd7 13. Bf1 Nxe5 14. dxe5 Qe8 15. Qc2 Nd7 16. Bxc4 Bxc4 17. Qxc4 Nxe5 18. Qe4 Bf6 19. Bc3 Ng6 20. Bxf6 gxf6 21.
Nc3 c6 22. Rd6 Rc7 23. Rad1 Kg7 24. h4 Ne7 25. Qg4+ Kh8 26. Qf4 Kg7 27. Ne4 Ng8 28. Rd8 Qe7 29. Qg4+ Kh8 30. Rxf8 Qxf8 31. Qf4 Qe7 32. h5 h6 33. Rd6 f5 34. Qe5+ Kh7 35.
Nc3 Nf6 36. e4 Rd7 37. Rxd7 Nxd7 38. Qd4 e5 39. exf5 exd4 0-1

[Event "*** Titled Tuesday Blitz"]
[Site "Chess.com"]
[Date "2020.05.05"]
[Round "3"]
[White "DDTerziev04"]
[Black "Islamovqaasim"]
[Result "0-1"]
[WhiteElo "2293"]
[BlackElo "2052"]
[TimeControl "180+1"]
[EndTime "10:28:56 PDT"]
[Termination "Islamovqaasim won on time"]

1. e4 b6 2. d4 Bb7 3. Nc3 e6 4. Nf3 Bb4 5. Bd3 Nf6 6. Bg5 h6 7. Bxf6 gxf6 8. a3 Bxc3+ 9. bxc3 Qe7 10. c4 Rg8 11. O-O Nc6 12. d5 Ne5 13. Nxe5 fxe5 14. Qf3 O-O-O 15. a4 a5 16. Rab1 exd5 17. cxd5 Rdf8 18.
c4 f5 19. Qe2 f4 20. f3 h5 21.
Qf2 h4 22. h3 Rg3 23. Rfc1 Rfg8 24. Bf1 Rxh3 25. c5 Rhg3 26. cxb6 h3 27. Rc2 hxg2 28.
Ba6 Qh4 29. Bxb7+ Kd8 30. bxc7+ Ke7 31. d6+ Kf6 32. Qc5 Qh1+ 33. Kf2 Rxf3+ 34. Ke2 Re3+ 35. Kd2 Qxb1 36. c8=Q Rxc8 0-1

[Event "*** Titled Tuesday Blitz"]
[Site "Chess.com"]
[Date "2020.05.05"]
[Round "3"]
[White "JonahWillow"]
[Black "Bodnar_Mykola"]
[Result "1-0"]
[WhiteElo "2696"]
[BlackElo "2426"]
[TimeControl "180+1"]
[EndTime "10:28:58 PDT"]
[Termination "JonahWillow won by resignation"]

1. e4 c5 2. Nf3 d6 3. Nc3 a6 4. g3 b5 5. Bg2 Bb7 6. d3 e6 7. O-O Nf6 8. Bg5 Be7 9. Re1 h6 10.
Bf4 d5 11. e5 Nfd7 12. h4 Nc6 13. h5 Qb6 14. Ne2 O-O-O 15. c3 Kb8 16. a4 b4 17. a5 Nxa5 18. cxb4 cxb4 19. Qa4 Nc6 20. Be3 Qb5 21. Qxb5 axb5 22. Ned4 Nxd4 23. Nxd4 Nc5 24. Nxb5 Nxd3 25. Ba7+ Kc8 26. Rec1+ Nxc1 27. Rxc1+ Kd7 28. Rc7+ Ke8 29. Rxb7 Rc8 30. Nd6+ Bxd6 31. exd6 Rd8 32. Bb6 Rxd6 33. Rb8+ Kd7 34. Rxh8 Rxb6 35. Rg8 Rc6 36. Rxg7 Ke7 37. Rg4 Rc1+ 38. Bf1 b3 39. Rb4 1-0

[Event "*** Titled Tuesday Blitz"]
[Site "Chess.com"]
[Date "2020.05.05"]
[Round "3"]
[White "violetflower04"]
[Black "Lector118"]
[Result "1-0"]
[WhiteElo "2217"]
[BlackElo "2426"]
[TimeControl "180+1"]
[EndTime "10:28:59 PDT"]
[Termination "violetflower04 won by resignation"]

1. b3 e5 2. Bb2 Nc6 3. e3 Nf6 4. Bb5 Bd6 5. Na3 a6 6. Bxc6 dxc6 7. Nc4 Qe7 8. d4 e4 9. Ne2 h5 10. h3 h4 11. O-O Rh5 12. Kh1 Rg5 13. f3 Bxh3 14.
gxh3 Qd7 15. Nxd6+ cxd6 16. Ng1 Rg3 17. Qd2 exf3 18.
Rxf3 Rxf3 19. Nxf3 Qxh3+ 20. Nh2 O-O-O 21. Re1 Qf5 22. Rf1 Qe4+ 23. Qg2 Qxe3 24. Qxg7 Ne4 25. Rxf7 Nf2+ 26.
Kg2 h3+ 27. Kf1 1-0

[Event "*** Titled Tuesday Blitz"]
[Site "Chess.com"]
[Date "2020.05.05"]
[Round "3"]
[White "Alohamora11"]
[Black "GM_Levan_Pantsulaia"]
[Result "0-1"]
[WhiteElo "2507"]
[BlackElo "2764"]
[TimeControl "180+1"]
[EndTime "10:29:00 PDT"]
[Termination "GM_Levan_Pantsulaia won by resignation"]

1. e4 c5 2. Nf3 e6 3. d4 cxd4 4. Nxd4 a6 5. Nc3 b5 6. g3 Bb7 7. Bg2 Nf6 8. a3 d6 9. O-O Nbd7 10. Qe2 Qc7 11. f4 Be7 12. g4 g6 13. g5 Nh5 14.
f5 Qb6 15. Be3 Bxg5 16. fxe6 Bxe3+ 17. Qxe3 fxe6 18. Rad1 e5 19. Nd5 Bxd5 20. exd5 Rf8 21. Rxf8+ Nxf8 22. Kh1 Nf4 23. Qe1 Kf7 24. Nc6 Kg7 25.
Qh4 Re8 26. Qg5 h6 27. Qg3 g5 28. h4 N8g6 29. hxg5 hxg5 30. Be4 Rh8+ 0-1

[Event "*** Titled Tuesday Blitz"]
[Site "Chess.com"]
[Date "2020.05.05"]
[Round "3"]
[White "Richarzard69"]
[Black "shnitez"]
[Result "1-0"]
[WhiteElo "2315"]
[BlackElo "2512"]
[TimeControl "180+1"]
[EndTime "10:29:00 PDT"]
[Termination "Richarzard69 won on time"]

1. Nf3 c5 2. c4 g6 3. Nc3 Bg7 4. g3 Nc6 5. Bg2 Nh6 6. O-O Nf5 7. e3 d6 8. g4 Nh6 9. h3 O-O 10. d4 cxd4 11. exd4 f5 12. g5 Nf7 13. d5 Nce5 14. Nd4 Nxc4 15. Re1 f4 16. Bxf4 Nxb2 17. Qd2 Nc4 18. Qd1 Nfe5 19. Bg3 a6 20. Rc1 Bd7 21. Ne6 Bxe6 22. dxe6 Rb8 23. Nd5 b5 24. f4 Nc6 25.
Kh2 Nd4 26. Bf2 Nf5 27. Qd3 Rc8 28. a4 Qe8 29. Be4 Rb8 30. h4 Nb2 31. Qb1 bxa4 32.
Rc7 1-0

[Event "*** Titled Tuesday Blitz"]
[Site "Chess.com"]
[Date "2020.05.05"]
[Round "3"]
[White "rasmussvane"]
[Black "WanderingPuppet"]
[Result "1-0"]
[WhiteElo "2861"]
[BlackElo "2384"]
[TimeControl "180+1"]
[EndTime "10:29:00 PDT"]
[Termination "rasmussvane won on time"]

1. Nf3 Nf6 2. g3 g6 3. Bg2 Bg7 4. O-O O-O 5. d4 d6 6. Re1 c6 7. e4 Nbd7 8. Nc3 e5 9. a4 Rb8 10. h3 Qc7 11. Be3 b6 12. Qd2 a6 13. g4 Bb7 14. Rad1 Rfd8 15. Bg5 b5 16. b3 b4 17. Nb1 c5 18. d5 Rdc8 19. Bf1 a5 20. Qe3 Nb6 21.
Nbd2 Ra8 22. Bb5 Nfxd5 23. exd5 Nxd5 24. Qd3 Nc3 25. Qe3 d5 26. Nh2 d4 27. Qd3 e4 28.
Nxe4 Bxe4 29. Rxe4 Nxd1 30. Qxd1 Be5 31. Nf3 Bd6 32.
Qe2 Rf8 33. Bf6 1-0

[Event "*** Titled Tuesday Blitz"]
[Site "Chess.com"]
[Date "2020.05.05"]
[Round "3"]
[White "SGchess01"]
[Black "albi1999"]
[Result "1-0"]
[WhiteElo "2800"]
[BlackElo "2601"]
[TimeControl "180+1"]
[EndTime "10:29:01 PDT"]
[Termination "SGchess01 won by checkmate"]

1. Nf3 d5 2. g3 Bg4 3. Bg2 Nd7 4. O-O c6 5. d4 e6 6. Nbd2 Ngf6 7. Re1 Be7 8. e4 O-O 9. c3 h6 10. e5 Nh7 11. Nb3 Ng5 12. Bxg5 Bxg5 13. h4 Be7 14. Nc1 c5 15. Nd3 Qb6 16. Nf4 Qxb2 17. Rb1 Qxc3 18.
Rxb7 Rfd8 19. Re3 Qa5 20. Bh3 cxd4 21. Reb3 Bxf3 22. Qxf3 Qe1+ 23. Kg2 Nxe5 24. Qh5 Qe4+ 25. f3 Qc2+ 26. Kh1 Qd1+ 27. Kh2 g6 28. Qxe5 Bd6 29. Qf6 Rf8 30. Bxe6 Qc2+ 31. Ng2 fxe6 32. Qg7# 1-0

[Event "*** Titled Tuesday Blitz"]
[Site "Chess.com"]
[Date "2020.05.05"]
[Round "3"]
[White "queen_iryna"]
[Black "Unknown_IM"]
[Result "0-1"]
[WhiteElo "2292"]
[BlackElo "2530"]
[TimeControl "180+1"]
[EndTime "10:29:01 PDT"]
[Termination "Unknown_IM won by resignation"]

1. d4 Nf6 2. Bg5 Ne4 3. Bf4 d5 4. f3 Nf6 5. Nc3 e6 6. e4 dxe4 7. fxe4 Bb4 8. Qd3 Nc6 9. Nf3 h6 10. Be2 O-O 11. e5 Nd5 12. Bd2 f6 13. exf6 Qxf6 14. Nxd5 Bxd2+ 15. Qxd2 exd5 16. O-O-O Bf5 17. Bd3 Nxd4 18. Bxf5 Nxf5 19. Qxd5+ Kh8 20. Qe5 Qg6 21. Rhg1 Rfe8 22. Qc5 b6 23. Qc3 c5 24. Kb1 Rad8 25. Ne5 Rxd1+ 26. Rxd1 Qxg2 27. a3 Nd4 28. Nf7+ Kg8 29.
Nd6 Re6 30. Nc4 Re2 31. Ne3 Rxe3 32. Qxe3 Qxc2+ 0-1

[Event "*** Titled Tuesday Blitz"]
[Site "Chess.com"]
[Date "2020.05.05"]
[Round "3"]
[White "maxsergej"]
[Black "NemtsevIgor"]
[Result "0-1"]
[WhiteElo "2127"]
[BlackElo "2335"]
[TimeControl "180+1"]
[EndTime "10:29:01 PDT"]
[Termination "NemtsevIgor won by resignation"]

1. e4 c6 2. d4 d5 3. exd5 cxd5 4. c4 Nf6 5. Nc3 e6 6. Nf3 Be7 7. cxd5 Nxd5 8. Bd3 Nc6 9. O-O O-O 10. a3 b6 11. Re1 Nxc3 12. bxc3 Bb7 13. Bc2 Rc8 14. Qd3 g6 15. Bf4 Na5 16. Ne5 Qd5 17. Qg3 Rxc3 18.
Bd3 Qxd4 19. Rad1 Qa4 20. Qg4 Bf6 21. Bxg6 hxg6 22. Nxg6 fxg6 23. Qxg6+ Bg7 24. Be5 Rc7 25. Bxc7 Qe8 26. Qxg7+ Kxg7 27. Be5+ Kg6 28. Re3 Rf5 29. Rg3+ Rg5 30. Rxg5+ Kxg5 0-1

[Event "*** Titled Tuesday Blitz"]
[Site "Chess.com"]
[Date "2020.05.05"]
[Round "3"]
[White "evgenyermolaev"]
[Black "Dedic8"]
[Result "1-0"]
[WhiteElo "2598"]
[BlackElo "2766"]
[TimeControl "180+1"]
[EndTime "10:29:02 PDT"]
[Termination "evgenyermolaev won on time"]

1. e4 e5 2. Nf3 Nc6 3. Bc4 Nf6 4.
O-O h6 5. d4 exd4 6. e5 d5 7.
Bb5 Ne4 8. Nxd4 Bd7 9. e6 fxe6 10. Qh5+ Ke7 11. Bxc6 bxc6 12. Nc3 Nxc3 13. bxc3 Qe8 14. Bg5+ hxg5 15. Qxh8 c5 16. Nf5+ Kf6 17. Ng3 e5 18.
Rae1 Rc8 19. f4 gxf4 20. Nh5+ Ke6 21. Nxf4+ Kd6 22. Nd3 e4 23. Qh4 1-0

[Event "*** Titled Tuesday Blitz"]
[Site "Chess.com"]
[Date "2020.05.05"]
[Round "3"]
[White "marszach123"]
[Black "SaqoChess_Twitch"]
[Result "0-1"]
[WhiteElo "2141"]
[BlackElo "2407"]
[TimeControl "180+1"]
[EndTime "10:29:02 PDT"]
[Termination "SaqoChess_Twitch won on time"]

1. e4 c5 2. Nf3 d6 3. d4 cxd4 4. Nxd4 Nf6 5. Nc3 g6 6. Be3 Bg7 7. f3 O-O 8. Qd2 Nc6 9. O-O-O d5 10. Qe1 e5 11. Nxc6 bxc6 12. exd5 Nxd5 13. Bc4 Be6 14.
Kb1 e4 15. Nxe4 Qb8 16. Bd4 Bxd4 17. Rxd4 Qe5 18. Rd1 Rfb8 19. Bb3 a5 20. Nc5 Qf6 21. Nxe6 fxe6 22. c4 a4 23. cxd5 cxd5 24. Qc3 Qxc3 25. bxc3 axb3 26. axb3 Rxb3+ 27. Kc2 Rba3 28. Rb1 Rc8 29.
Rb3 Ra2+ 30. Rb2 Ra4 31. Kd3 Rac4 32. Rb3 Kf7 33. Ra1 Kf6 34. Ra7 h5 35. h4 Rxh4 36.
Ra6 Rhc4 37. Kd2 Kf5 38. Rbb6 Re8 39. Kd3 h4 40. Rd6 g5 41. Rdb6 g4 0-1

[Event "*** Titled Tuesday Blitz"]
[Site "Chess.com"]
[Date "2020.05.05"]
[Round "3"]
[White "jlandaw"]
[Black "Chessalary"]
[Result "1-0"]
[WhiteElo "2381"]
[BlackElo "2162"]
[TimeControl "180+1"]
[EndTime "10:29:02 PDT"]
[Termination "jlandaw won by resignation"]

1. e4 c5 2. Nc3 d6 3. g3 Nf6 4. Bg2 g6 5. d3 Bg7 6. f4 O-O 7. Nf3 Nc6 8. O-O Rb8 9. a3 b5 10.
Rb1 a5 11. a4 bxa4 12. Nxa4 Nd4 13. Nxd4 cxd4 14. b3 e5 15. Bd2 Bd7 16. Nb2 Bb5 17.
Ra1 Ra8 18. f5 Qc7 19. g4 Nd7 20. g5 f6 21. fxg6 hxg6 22. Nc4 Bxc4 23. dxc4 Ra7 24. Qg4 Qc5 25. Kh1 f5 26. exf5 gxf5 27. Rxf5 Rxf5 28.
Qxf5 Nb6 29. Qe6+ Rf7 30. g6 1-0

[Event "*** Titled Tuesday Blitz"]
[Site "Chess.com"]
[Date "2020.05.05"]
[Round "3"]
[White "CraiggoryC"]
[Black "shav3184"]
[Result "0-1"]
[WhiteElo "2112"]
[BlackElo "2332"]
[TimeControl "180+1"]
[EndTime "10:29:03 PDT"]
[Termination "shav3184 won on time"]

1. e4 e5 2. Nc3 Bc5 3. f4 d6 4. Nf3 Nc6 5. Bb5 a6 6. Bxc6+ bxc6 7. fxe5 dxe5 8. Nxe5 Qg5 9. d4 Qxg2 10. Rf1 Bb4 11. Nxf7 Bg4 12. Qd2 Bxc3 13. bxc3 Qxe4+ 14. Qe3 Qxe3+ 15. Bxe3 Nf6 16. Nxh8 Be6 17. Bg5 Ke7 18. Kd2 Rxh8 19. Kd3 h6 20. Bxf6+ gxf6 21. Rae1 Kf7 22. Rf4 Rg8 23.
Re2 Rg1 24. Ref2 f5 25. c4 Rd1+ 26. Kc3 Kg6 27. Rg2+ Kf6 28. Rgf2 Re1 29. d5 cxd5 30. cxd5 Bd7 31. Rc4 Ke5 32. Rxc7 Bb5 33. Kd2 Ra1 34.
c4 Ba4 35. Ke3 Rc1 0-1

[Event "*** Titled Tuesday Blitz"]
[Site "Chess.com"]
[Date "2020.05.05"]
[Round "3"]
[White "UmutErdemGunduz"]
[Black "olksuna"]
[Result "1-0"]
[WhiteElo "2407"]
[BlackElo "2587"]
[TimeControl "180+1"]
[EndTime "10:29:04 PDT"]
[Termination "UmutErdemGunduz won by resignation"]

1. e4 c5 2. Nf3 Nc6 3. d4 cxd4 4. Nxd4 Nf6 5. Nc3 e5 6. Ndb5 d6 7. Bg5 a6 8. Na3 b5 9. Nd5 Be7 10. Bxf6 Bxf6 11. c4 b4 12. Nc2 a5 13. g3 O-O 14.
h4 Be6 15. Bh3 a4 16. b3 axb3 17. axb3 Bxd5 18. cxd5 Nd4 19. Nxd4 exd4 20. O-O Ra3 21. Rc1 Re8 22. Qd3 Qe7 23. Rc6 g6 24. Re1 Kg7 25. f4 Ra2 26. h5 gxh5 27. Bf1 Kh8 28. e5 dxe5 29. Qf5 d3 30. Bxd3 e4 31. Bxe4 Bd4+ 32. Kh1 f6 33. d6 Qg7 34. Rc7 Qg6 35. Rxh7+ 1-0

[Event "*** Titled Tuesday Blitz"]
[Site "Chess.com"]
[Date "2020.05.05"]
[Round "3"]
[White "ViktoriyaTarasova"]
[Black "Aureliano-Buendia"]
[Result "0-1"]
[WhiteElo "2174"]
[BlackElo "2389"]
[TimeControl "180+1"]
[EndTime "10:29:04 PDT"]
[Termination "Aureliano-Buendia won by resignation"]

1. d4 d5 2. c4 c6 3. Nf3 Nf6 4. Nc3 dxc4 5. a4 e6 6. e3 c5 7. Bxc4 Nc6 8. O-O Be7 9. Qe2 cxd4 10.
Rd1 O-O 11. Nxd4 Nxd4 12. exd4 Qa5 13. d5 Bb4 14. dxe6 Bxe6 15. Bxe6 Rae8 16. Bxf7+ Rxf7 17. Qc2 Bxc3 18. bxc3 Ng4 19. Rf1 Qa6 20. Be3 Rxe3 21. fxe3 Rxf1+ 22. Rxf1 Qxf1+ 23. Kxf1 Nxe3+ 24. Ke2 Nxc2 25.
Kd2 Na1 26. Kd3 Nb3 27. Kc4 Na5+ 28. Kd5 b6 29. Kd6 Nc4+ 30. Kc7 Nb2 31. Kb7 Nxa4 32. Kxa7 b5 33. Ka6 Nxc3 34. Ka5 g5 35. Kb4 Nd5+ 36.
Kxb5 Ne3 37. g3 Nf1 38. Kc4 Nxh2 39. Kd5 Nf1 40. g4 Ne3+ 41. Ke5 Nxg4+ 42. Kf5 Nh6+ 43. Kxg5 Kg7 44. Kh5 Nf7 45. Kh4 Kg6 46. Kh3 h5 47. Kh4 Kh6 48. Kh3 Kg5 49. Kg3 h4+ 50. Kh3 Kh5 51.
Kh2 Kg4 52. Kg2 h3+ 53. Kh2 Ng5 54. Kh1 Kg3 55. Kg1 Ne4 56. Kh1 Nf2+ 0-1

[Event "*** Titled Tuesday Blitz"]
[Site "Chess.com"]
[Date "2020.05.05"]
[Round "3"]
[White "NormWeinstein"]
[Black "Anuar_Is"]
[Result "0-1"]
[WhiteElo "2443"]
[BlackElo "2775"]
[TimeControl "180+1"]
[EndTime "10:29:05 PDT"]
[Termination "Anuar_Is won on time"]

1. e4 c5 2. Nf3 Nc6 3. Nc3 Nf6 4. e5 Ng4 5. Qe2 d6 6. exd6 e6 7. g3 Bxd6 8. Bg2 O-O 9. O-O e5 10. d3 f5 11. Bg5 Qe8 12. h3 Nf6 13. Bxf6 Rxf6 14.
Nd5 Rf8 15. c3 Be6 16. Nd2 Qf7 17. Nc4 Bb8 18. Qf3 Rd8 19. Nde3 Rxd3 20. b3 Rxc3 21.
Rad1 e4 22. Qe2 Nd4 23. Qb2 Rd3 24. Rxd3 exd3 25. Rd1 f4 26. Ng4 fxg3 27. fxg3 Ne2+ 28. Kh2 Bxg3+ 29. Kh1 Bxg4 30. Rxd3 Be6 31. Re3 Nf4 32.
Rxg3 Nxg2 33. Kxg2 Bxc4 34. bxc4 Rf8 35. Qe2 b6 36.
Re3 Qg6+ 37. Rg3 Qf6 0-1

[Event "*** Titled Tuesday Blitz"]
[Site "Chess.com"]
[Date "2020.05.05"]
[Round "3"]
[White "garicradomir"]
[Black "Shukh_Nikolay"]
[Result "1-0"]
[WhiteElo "2371"]
[BlackElo "2540"]
[TimeControl "180+1"]
[EndTime "10:29:05 PDT"]
[Termination "garicradomir won by resignation"]

1. e4 e5 2. Nf3 Nc6 3. Nc3 Nf6 4. Bb5 Bd6 5. d3 h6 6. a3 O-O 7. g4 Nd4 8. g5 Nxf3+ 9. Qxf3 hxg5 10. Bxg5 Be7 11. Rg1 c6 12. Bc4 Kh8 13. O-O-O Nh7 14. Bd2 d6 15. Rg3 Be6 16. Rdg1 Rg8 17. Qh5 g6 18. Qh6 Bxc4 19. dxc4 Bf8 20. Qe3 f5 21. f4 exf4 22. Qxf4 Qf6 23. exf5 g5 24. Nd5 cxd5 25. Bc3 Qxc3 26. bxc3 Bg7 27. Rxg5 dxc4 28. Qh4 Bf6 29. Qxh7+ 1-0

[Event "*** Titled Tuesday Blitz"]
[Site "Chess.com"]
[Date "2020.05.05"]
[Round "3"]
[White "ARMQUEEN"]
[Black "RitvarsReimanis"]
[Result "0-1"]
[WhiteElo "2346"]
[BlackElo "2547"]
[TimeControl "180+1"]
[EndTime "10:29:05 PDT"]
[Termination "RitvarsReimanis won by resignation"]

1. e4 c5 2. Nc3 Nc6 3. Bb5 Nd4 4. Bc4 a6 5. Nf3 Nc6 6. a4 Nf6 7. e5 d5 8. exf6 dxc4 9. fxg7 Bxg7 10. Qe2 Nd4 11.
Nxd4 cxd4 12. Ne4 d3 13. cxd3 cxd3 14. Qf3 O-O 15. Ra3 Qc7 16. O-O Be6 17. Ng5 Bc4 18. Qf5 Rfd8 19. Qxh7+ Kf8 20. Rc3 Qf4 21. Nh3 Qg4 22.
b3 Bd5 23. f3 Qd4+ 24. Kh1 Bc6 25. Rc4 Qe5 26. Rg4 Bd7 27. Rg5 Qf6 28. Rg3 Bf5 29. Ba3 Bxh7 30. Re1 Re8 31. Rf1 Kg8 0-1

[Event "*** Titled Tuesday Blitz"]
[Site "Chess.com"]
[Date "2020.05.05"]
[Round "3"]
[White "MaxLeto"]
[Black "Stronger1799"]
[Result "1-0"]
[WhiteElo "2333"]
[BlackElo "2061"]
[TimeControl "180+1"]
[EndTime "10:29:05 PDT"]
[Termination "MaxLeto won by resignation"]

1. g4 c5 2. Bg2 Nc6 3. Nc3 e6 4. e4 Nge7 5. d3 Ng6 6. g5 Bd6 7. h4 a6 8. Nge2 Nd4 9. h5 Nf4 10. Bxf4 Bxf4 11. Nxf4 Qxg5 12. Qd2 e5 13. Nfd5 Qxg2 14.
O-O-O Nf3 15. Qe3 O-O 16. h6 g6 17. Qxc5 Qg5+ 18. Kb1 b5 19. Ne7+ Kh8 20. Nxg6+ Qxg6 21. Qxf8+ Qg8 22. Qe7 Qg6 23. Nd5 Bb7 24. Qxd7 Bc6 25. Qe7 Re8 26. Qc5 Nd4 27. Ne3 Rc8 28. Rhg1 Qxh6 29.
Qxe5+ f6 30. Qxd4 Be8 31. Nf5 Qf8 32. Rg3 Bg6 33. Rdg1 Qc5 34. Qxc5 Rxc5 35. Ne3 Kg7 36. b3 Rh5 37. Kb2 Rh2 38. R1g2 Rh1 39. f4 Rh5 40. f5 Kf7 41. fxg6+ hxg6 42. Rxg6 Rh3 43. Rg7+ Ke6 44. Nd5 Rf3 45. R7g6 Ke5 46. Rxf6 Kd4 47. Rxf3 b4 48. Nxb4 a5 49. Nd5 a4 50. c3+ Kc5 51. d4+ Kd6 52. b4 1-0

[Event "*** Titled Tuesday Blitz"]
[Site "Chess.com"]
[Date "2020.05.05"]
[Round "3"]
[White "GMJustin"]
[Black "S-Fazulyanov"]
[Result "1-0"]
[WhiteElo "2386"]
[BlackElo "2558"]
[TimeControl "180+1"]
[EndTime "10:29:06 PDT"]
[Termination "GMJustin won by checkmate"]

1. e4 c5 2. Nf3 Nc6 3. Bb5 g6 4.
O-O Bg7 5. Nc3 d6 6. d4 cxd4 7. Nxd4 Bd7 8. Be3 Nf6 9. Be2 O-O 10. Qd2 Ng4 11. Bxg4 Bxg4 12. f3 Bd7 13. Nd5 Rc8 14. Rac1 h5 15. c4 Kh7 16. b3 e6 17. Nxc6 Bxc6 18.
Nb4 a5 19. Nxc6 Rxc6 20. Rfd1 Qc7 21. Bf4 Rd8 22. h3 e5 23. Bg5 f6 24. Be3 f5 25.
exf5 gxf5 26. Qc2 Qf7 27. Rd5 a4 28. Rcd1 axb3 29. axb3 Bh8 30. g4 hxg4 31. hxg4 Rg8 32. Qh2+ Kg7 33. Qh6# 1-0